 Dungeon Crawl Stone Soup version 0.30-a0-137-gd8773701ce (webtiles) character file.

Game seed: 541494945039122598

99 jimonade the Shooter (level 4, -2/25 HPs)
             Began as a Deep Elf Hunter on Sept 22, 2022.
             Slain by a sky beast (3 damage)
             ... on level 3 of the Dungeon.
             The game lasted 00:04:11 (2836 turns).

jimonade the Shooter (Deep Elf Hunter)              Turns: 2836, Time: 00:04:12

Health: -2/25      AC:  7    Str:  8    XL:     4   Next: 45%
Magic:  6/6        EV: 10    Int: 14    God:
Gold:   127        SH:  0    Dex: 20    Spells: 3/3 levels left

rFire   . . .      SeeInvis .    a - +0 shortbow
rCold   + . .      Faith    .    (shield currently unavailable)
rNeg    . . .      Spirit   .    x - +0 ring mail
rPois   .          Reflect  .    y - +0 helmet
rElec   .          Harm     .    (no cloak)
rCorr   .          Rampage  .    w - +0 pair of gloves
Will    .....                    (no boots)
Stlth   +.........               (no amulet)
HPRegen 0.08/turn                g - ring of protection from cold
MPRegen 0.10/turn                e - ring of wizardry

@: no status effects
A: no striking features
a: no special abilities


You were on level 3 of the Dungeon.
You visited 1 branch of the dungeon, and saw 4 of its levels.

You collected 127 gold pieces.

Inventory:

Hand Weapons
 a - a +0 shortbow (weapon)
Missiles
 r - 2 poisoned darts
 s - 4 javelins
Armour
 c - a +0 leather armour
 w - a +0 pair of gloves (worn)
 x - a +0 ring mail (worn)
 y - a +0 helmet (worn)
Jewellery
 e - a ring of wizardry (right hand)
 g - a ring of protection from cold (left hand)
 m - a ring of protection from cold
 n - a ring of protection from cold
Scrolls
 b - 3 scrolls of immolation
 d - a scroll of poison
 k - a scroll of noise {unknown}
 l - 4 scrolls of identify {unknown}
 u - a scroll of enchant armour {unknown}
 v - a scroll of teleportation {unknown}
Potions
 f - 2 potions of mutation {unknown}
 h - 2 potions of curing {unknown}
 i - a potion of degeneration {unknown}
 j - 2 potions of brilliance {unknown}
 o - 2 potions of invisibility {unknown}
 p - a potion of attraction {unknown}
 q - a potion of haste {unknown}
 t - a potion of flight {unknown}


   Skills:
 - Level 1.5 Fighting
 + Level 7.9 Ranged Weapons
 - Level 2.4 Dodging
 - Level 1.2 Stealth


You had 3 spell levels left.
You didn't know any spells.
Your spell library contained the following spells:

 Spells                   Type           Power      Damage    Failure   Level
 Scorch                   Fire           0%         2d5       45%         2
 Flame Wave               Conj/Fire      0%         2d4       96%         4
 Summon Cactus Giant      Summ           0%         N/A       100%        6


Dungeon Overview and Level Annotations

Branches:
Dungeon (4/15)
 Temple: D:4-7

Altars:
Uskayaw


Message History

The sky beast is moderately wounded.
The orc closely misses you.
You shoot an arrow. The arrow hits the orc!
You kill the orc!
An orc comes into view. It is wielding a +0 rapier.
An orc comes into view. It is wielding a +0 club.
You shoot an arrow. The arrow hits the sky beast.
The sky beast is moderately wounded.
The sky beast hits you but does no damage.
The orc closely misses you. The sky beast hits you. The sky beast shocks you.
The sky beast hits you. The sky beast shocks you.
* * * LOW HITPOINT WARNING * * *
The orc closely misses you.
You climb upwards.
There is a stone staircase leading down here.
There are monsters nearby!
You are too injured to fight recklessly!
You are too injured to fight recklessly!
You are too injured to fight recklessly!
The sky beast flickers out of sight!
Deactivating autopickup; reactivate with Ctrl-A.
Something hits you but does no damage. Something hits you but does no damage.
A sky beast appears from thin air!
Reactivating autopickup.
Really read the scroll of poison?
The air fills with toxic fumes!
As you read the scroll of poison, it crumbles to dust.
The sky beast hits you.
* * * LOW HITPOINT WARNING * * *
The sky beast shocks you.
* * * LOW HITPOINT WARNING * * *
Fire: a) +0 shortbow
Press: ? - help, Q - select action, (/) - cycle Shift-Dir - straight line, f - sky beast
Aim: a sky beast (moderately wounded, 56% to hit)
You shoot an arrow. The arrow hits the sky beast!
The sky beast is severely wounded.
The sky beast flickers out of sight!
Deactivating autopickup; reactivate with Ctrl-A.
Something hits you.
You die...

...#####......####.........####.)
...# ##..#.## ##...<...## ##.
#.## #.#### ##.....## ## #.# #.#
##...## # #.# #.# ##'## ## #.#
#.# #.# #. #.# #.###### #.#
####### ..#
#.##§§§#######§####...# # ####
#.##§§§{@§§§§§§§....#.### ...##
#.##§§o#####§§§§.#.....## ##⌠.#
#.###§## ##..§##.###.## .##.#
#..§§..# ##.###.# #... ⌠.#.#
#.§§...# #.# #<###.## ..#.#
##§###.# #.# #.....# ⌠.#.# #.#
#.# #.# ####### .##.# #.###.# #.#
##⌠.# #.<...# #.#


You could see an orc.

Vanquished Creatures
  An adder (D:2)
  A worm (D:1)
  3 dart slugs
  5 orcs
  6 ball pythons
  7 endoplasms
  3 giant cockroaches
  6 goblins
  2 hobgoblins
  2 jackals (D:2)
  2 quokkas (D:1)
  13 bats
  A frilled lizard (D:2)
  8 kobolds
  10 rats
70 creatures vanquished.

Notes
Turn   | Place    | Note
-------+----------+-------------------------------------------
     0 | D:1      | jimonade the Deep Elf Hunter began the quest for the Orb.
     0 | D:1      | Reached XP level 1. HP: 12/12 MP: 3/3
   413 | D:1      | Reached XP level 2. HP: 16/16 MP: 4/4
   418 | D:1      | Reached skill level 6 in Ranged Weapons
  1094 | D:2      | Reached XP level 3. HP: 19/20 MP: 5/5
  1168 | D:2      | Reached skill level 7 in Ranged Weapons
  1414 | D:2      | Found a faded altar of an unknown god.
  1881 | D:3      | Reached XP level 4. HP: 25/25 MP: 6/6
  1932 | D:3      | Found a hide-covered altar of Uskayaw.
  2824 | D:4      | Noticed a sky beast
  2835 | D:3      | HP: 1/25 [sky beast (5)]
  2836 | D:3      | Slain by a sky beast

Illustrated notes

Levels and vault maps discovered:
D:1:      dpeg_arrival_long_road, layout_basic, hangedman_decor_clover_reticule,
          grunt_decor_resistance
D:2:      layout_basic, hellmonk_ecumenical_altar_pennies_from_heaven
D:3:      layout_loops_corners, nicolae_uskayaw_suspiria, grunt_ministairs_11
D:4:      layout_loops_ring, minitemple, serial_shops,
          nicolae_shop_bloodbath_and_beyond, nicolae_grassy_gnolls

Skill      XL: |  1  2  3 |
---------------+----------+-----
Ranged Weapons | 6 7 |  7.9
Fighting       | |  1.5
Dodging        | |  2.4
Stealth        | |  1.2

Action                   |  1- 3 |  4- 6 || total
-------------------------+-------+-------++-------
 Fire: Shortbow          |   122 |    77 ||   199
  Use: Scroll            |     1 |     1 ||     2
Armor: Leather armour    |    15 |     7 ||    22
       Ring mail         |       |     4 ||     4
Dodge: Dodged            |    24 |    13 ||    37

Table legend: (Time is in decaauts)
 A = Elapsed time spent in this place.
 B = Non-inter-level travel time spent in this place.
 C = Inter-level travel time spent in this place.
 D = Time resting spent in this place.
 E = Time spent auto-exploring this place.
 F = Levels seen in this place.
 G = Mean time per level.
                   A        B        C        D        E       F      G
               +--------+--------+--------+--------+--------+-----+--------+
         Total |   2881 |   2622 |    259 |    252 |   1923 |   4 |  720.2 |
       Dungeon |   2881 |   2622 |    259 |    252 |   1923 |   4 |  720.2 |
               +--------+--------+--------+--------+--------+-----+--------+

Top non-repeatable levels by time:
     D:3: 1101 daAuts
     D:1: 1081 daAuts
     D:2: 656 daAuts
     D:4: 42 daAuts
